 Dungeon Crawl Stone Soup version 0.21.1-1-g345015f (webtiles) character file.

39 Kairos the Skirmisher (level 3, 20/20 HPs)
             Began as a Vine Stalker Wanderer on Apr 27, 2018.
             Quit the game on level 1 of the Dungeon.
             The game lasted 00:01:36 (1111 turns).

Kairos the Skirmisher (Vine Stalker Wanderer)       Turns: 1111, Time: 00:01:36

Health: 20/20      AC:  2    Str: 12    XL:     3   Next: 47%
Magic:  5/5        EV: 11    Int: 13    God:
Gold:   35         SH:  0    Dex: 15    Spells: 4/4 levels left

rFire    . . .     SeeInvis .   a - +2 spear
rCold    . . .     Gourm    .   (no shield)
rNeg     . . .     Faith    .   d - +0 robe
rPois    .         Spirit   +   (no helmet)
rElec    .         Reflect  .   (no cloak)
rCorr    .         Harm     .   (no gloves)
MR       .....                  (no boots)
Stlth    ++........             (no amulet)
HPRegen  0.06/turn              (no ring)
MPRegen  0.09/turn              (no ring)

@: no status effects
A: fangs 2, magic shield, antimagic bite, no potion heal 3, rot immunity
a: no special abilities


You were on level 1 of the Dungeon.
You were hungry.

You visited 1 branch of the dungeon, and saw 1 of its levels.

You collected 35 gold pieces.

Inventory:

Hand Weapons
 a - a +2 spear (weapon)
 e - a +0 dagger
 h - a +0 hand axe
Armour
 d - a +0 robe (worn)
Scrolls
 b - 2 scrolls of teleportation
 g - 3 scrolls of identify {unknown}
Potions
 c - a potion of lignification
 i - a potion of mutation {unknown}
 j - a potion of magic {unknown}
Comestibles
 f - 4 rations


   Skills:
 + Level 3.5 Fighting
 + Level 0.3 Polearms
 + Level 0.1 Dodging
 + Level 3.3 Stealth
 + Level 1.3 Spellcasting
   Level 1.0 Translocations
   Level 1.0 Transmutations
   Level 1.7 Evocations


You had 4 spell levels left.
You didn't know any spells.

Dungeon Overview and Level Annotations

Branches:
Dungeon (1/15)

Altars:


Innate Abilities, Weirdness & Mutations

You have extremely sharp teeth.
When hurt, damage is shared between your health and your magic reserves.
Your bite disrupts and absorbs the magic of your enemies.
Potions cannot restore your health.
You are immune to rotting.


Message History

Found a whip.
f - 4 rations (gained 1)
You see here a goblin corpse.
You open the door.
There is an open door here.
You are feeling hungry.
There is a dry fountain here.
g - 3 scrolls labeled WEUD BISEZAHUN (gained 1)
There is a fountain of clear blue water here.
Found 30 stones.
No target in view!
No target in view!
No target in view!
No target in view!
Done exploring.
Done exploring.
Done exploring.
Done exploring.
There is a stone staircase leading down here.
Are you sure you want to abandon this character and quit the game? (Confirm with "yes".)

#.# ####################.#####
.....................#...#
..##################.#.#.# #.#
#...............#.# #.#
#...........#.#.#.# #.#
###########.#.....#
#.######.............#..(#
................@#.#.....######
...............#.#.#........†.###
#.##.###.#.##..#.#.#..#.........#
.........#.#...#.#.#..##.#.#..###
#.#.####.#.#...#.#.#.......#..#
#(#.# #.#.#.......#.......#..#
#.#.######.#..................###
#.#........#+##..........#.#.....
#.########....................#.#


There were no monsters in sight!

Vanquished Creatures
  An ooze (D:1)
  2 giant cockroaches (D:1)
  5 goblins (D:1)
  5 hobgoblins (D:1)
  6 jackals (D:1)
  2 kobolds (D:1)
  A bat (D:1)
  4 frilled lizards (D:1)
  6 rats (D:1)
32 creatures vanquished.

Notes
Turn   | Place    | Note
-------+----------+-------------------------------------------
     0 | D:1      | Kairos the Vine Stalker Wanderer began the quest for the Orb.
     0 | D:1      | Kairos set off with: a +2 spear, a scroll of teleportation, a potion of lignification, a +0 robe, a +0 dagger, a ration
     0 | D:1      | Reached XP level 1. HP: 11/11 MP: 3/3
   142 | D:1      | Reached XP level 2. HP: 14/16 MP: 2/4
   533 | D:1      | Reached XP level 3. HP: 13/20 MP: 5/5
  1111 | D:1      | Quit the game

Skill      XL: |  1  2 |
---------------+-------+-----
Fighting       | 3 |  3.5
Stealth        | 3 |  3.3
Polearms       | |  0.3
Dodging        | |  0.1
Spellcasting   | |  1.3
Translocations | |  1.0
Transmutations | |  1.0
Evocations     | |  1.7

Action                   || total
-------------------------++-------
Melee: Spear             ||    79
       Bite              ||    18
       Hand axe          ||     3
 Stab: Sleeping          ||     6
Armor: Robe              ||     7
Dodge: Dodged            ||    31
